Map: Sequencer LE

Players

TYTY

  • Race: Terran Terran
  • Spawn Location: 7:00

herO - Winner!

  • Race: Protoss Protoss
  • League: Master
  • Spawn Location: 1:00

VOD

Have the link to the VOD?

Description

Time

  • Played on: July 29, 2017, 10:29 p.m.
  • Length: 14:10
Show
View Real Time Build Order
Export as new Build Order

TYTY Terran 

Build Orders: Reaper Expand, MMM Bio 

Get SALT Encoding   

  12  0:00  SCV  
  13  0:12  SCV  
  14  0:17  Supply Depot  
  14  0:24  SCV  
  15  0:39  SCV  
  15  0:40  Barracks  
  16  0:44  Refinery  
  16  0:51  SCV  
  17  1:03  SCV  
  18  1:15  SCV  
  19  1:27  Reaper  
  19  1:28  Orbital Command  
  20  1:40  Command Center  
  20  1:50  Supply Depot  
  20  1:54  SCV  
  20  1:59  Marine  
  22  2:06  Factory  
  22  2:07  SCV  
  23  2:14  Refinery  
  23  2:19  SCV  
  23  2:21  Barracks Reactor  
  24  2:32  SCV  
  25  2:38  Engineering Bay  
  25  2:44  SCV  
  26  2:49  Widow Mine  
  28  2:54  Orbital Command  
  28  2:58  Marine x2  
  30  3:00  Bunker  
  30  3:04  Missile Turret  
  30  3:05  SCV  
  30  3:15  Marine x2  
  32  3:20  Cyclone  
  32  3:24  SCV  
  32  3:26  SCV  
  34  3:33  Marine  
  34  3:34  Marine  
  35  3:38  SCV  
  36  3:43  SCV  
  36  3:51  Marine x2  
  36  3:54  Cyclone  
  36  3:55  SCV  
  42  3:58  SCV  
  42  3:59  Supply Depot  
  43  4:03  Barracks  
  43  4:07  SCV  
  43  4:09  Marine x2  
  46  4:21  SCV  
  47  4:27  Marine x2, Orbital Command  
  47  4:28  SCV  
  49  4:34  Factory Tech Lab  
  42  4:40  SCV  
  42  4:42  Barracks  
  42  4:43  Starport  
  42  4:45  Marine x2  
  45  4:52  SCV  
  46  4:54  SCV  
  46  4:55  Terran Infantry Weapons Level 1  
  46  4:58  Marine  
  48  5:03  Marine, Factory Reactor  
  48  5:05  Marine  
  51  5:07  Stimpack  
  51  5:08  Missile Turret  
  51  5:11  SCV x2  
  52  5:16  Marine  
  53  5:24  Marine x2  
  53  5:26  SCV  
  53  5:27  SCV  
  54  5:35  Barracks  
  54  5:37  Barracks  
  54  5:40  Marine x2, Supply Depot  
  56  5:43  Medivac  
  56  5:44  Medivac  
  56  5:47  Marine  
  61  5:53  Factory Reactor  
  61  5:58  Marine, Supply Depot  
  61  5:59  Supply Depot  
  63  6:09  Marine  
  63  6:10  Marauder  
  65  6:13  Barracks Tech Lab  
  65  6:18  Marine  
  66  6:20  SCV  
  66  6:21  SCV  
  68  6:26  Barracks Tech Lab, Marine  
  68  6:31  Marine x2  
  73  6:33  Marauder  
  73  6:40  Marauder  
  73  6:41  Medivac  
  73  6:45  Marine  
  78  6:48  Marauder, Orbital Command  
  78  6:51  Marine  
  82  7:06  Combat Shields  
  81  7:09  Marine  
  81  7:10  Missile Turret  
  81  7:12  Barracks Tech Lab  
  83  7:16  Refinery, Widow Mine  
  83  7:22  Liberator  
  86  7:29  Supply Depot  
  84  7:30  Supply Depot  
  84  7:31  Supply Depot  
  86  7:47  Liberator  
  86  7:50  Widow Mine x2  
  86  7:51  Marine x3  
  91  7:52  Refinery  
  91  7:53  Marine x3  
  96  7:59  Supply Depot  
  99  8:10  Marauder  
  99  8:11  Marauder x2, Supply Depot  
  103  8:13  Marine  
  103  8:15  Marine  
  103  8:18  Marauder  
  106  8:21  Widow Mine  
  107  8:31  Marine x2  
  107  8:32  SCV  
  112  8:35  Marine x3  
  112  8:37  SCV  
  112  8:41  Marine  
  117  8:45  Concussive Shells  
  117  8:49  Marine  
  117  8:50  Marauder  
  117  8:53  Marauder x2, Medivac x2  
  129  9:03  Orbital Command  
  129  9:07  Marine  
  129  9:08  Marine  
  131  9:14  Marine x2  
  121  9:21  Liberator, SCV  
  122  9:25  Marauder x2  
  120  9:40  Marine x2  
  120  9:41  SCV x2  
  120  9:42  Marine x2  
  120  9:43  Supply Depot  
  129  9:46  Marine x2  
  116  9:55  Refinery  
  116  9:58  Marine x2  
  114  10:00  Liberator, Marine  
  114  10:03  SCV x2  
  109  10:12  Marine x2  
  111  10:19  Marauder x2, Marine  
  111  10:20  Marine  
  122  10:37  Marine x2  
  122  10:43  Liberator  
  122  10:44  Engineering Bay, Armory  
  122  10:54  Command Center  
  122  11:02  Marine x2  
  127  11:10  Marauder x2  
  131  11:15  SCV x2  
  131  11:32  Terran Infantry Weapons Level 2  
  135  11:34  Terran Infantry Armor Level 1  
  135  11:38  SCV  
  135  11:39  SCV  
  131  11:51  Marine x3  
  131  11:53  Marine x2  
  138  12:03  Marauder x2  
  138  12:07  SCV x2  
  138  12:08  Liberator x2  
  144  12:14  Marauder, Marine  
  144  12:15  Supply Depot  
  144  12:23  Marine  
  144  12:24  Marauder x2, Marine  
  148  12:32  SCV  
  148  12:33  SCV  
  148  12:36  Marauder  
  138  12:45  SCV  
  138  12:46  SCV  
  138  12:49  Marine x2, Ghost Academy  
  138  12:50  Marine x2  
  135  12:51  Marauder x2  
  135  12:55  Orbital Command, Refinery  
  135  12:56  Refinery  
  137  12:58  SCV x2, Missile Turret  
  136  13:07  Marine x2  
  136  13:10  SCV x2  
  138  13:17  Viking  
  134  13:20  Ghost  
  134  13:23  SCV x2, Marine x2  
  135  13:27  SCV  
  134  13:35  SCV x2  
  134  13:39  Marauder x2, Marine x2, SCV  
  131  13:46  Marine x2  
  131  13:47  SCV x2  
  135  13:49  Marauder  
Show
View Real Time Build Order
Export as new Build Order

herO Protoss - Winner!

Build Orders: Oracle Opening 

Get SALT Encoding   

  12  0:00  Probe (Chrono Boost)  
  13  0:14  Pylon  
  13  0:17  Probe (Chrono Boost)  
  14  0:27  Probe (Chrono Boost)  
  15  0:34  Gateway  
  15  0:38  Probe (Chrono Boost)  
  16  0:43  Assimilator  
  16  0:48  Probe (Chrono Boost)  
  17  0:57  Assimilator  
  17  0:59  Probe (Chrono Boost)  
  18  1:09  Probe (Chrono Boost)  
  19  1:20  Probe (Chrono Boost)  
  19  1:21  Cybernetics Core  
  20  1:27  Pylon  
  20  1:30  Probe (Chrono Boost)  
  21  1:41  Probe (Chrono Boost)  
  22  1:52  Probe (Chrono Boost)  
  23  1:58  Stargate  
  23  1:59  Adept (Chrono Boost)  
  25  2:05  Mothership Core  
  27  2:09  Pylon  
  27  2:23  Adept (Chrono Boost)  
  27  2:26  Probe  
  30  2:42  Oracle (Chrono Boost)  
  30  2:43  Pylon  
  32  2:56  Nexus  
  32  2:58  Probe  
  33  3:01  Warp Gate  
  34  3:13  Pylon  
  34  3:18  Oracle (Chrono Boost)  
  36  3:22  Probe  
  35  3:34  Probe  
  36  3:46  Probe  
  37  3:49  Oracle (Chrono Boost)  
  40  3:56  Gateway  
  40  3:58  Probe  
  41  4:02  Gateway  
  41  4:17  Pylon x2  
  41  4:20  Oracle (Chrono Boost)  
  41  4:23  Probe  
  44  4:24  Probe  
  45  4:35  Probe  
  45  4:37  Probe  
  47  4:46  Probe (Chrono Boost)  
  47  4:47  Twilight Council  
  47  4:49  Probe (Chrono Boost)  
  49  4:59  Probe (Chrono Boost)  
  50  5:00  Probe (Chrono Boost)  
  50  5:04  Sentry  
  53  5:09  Probe (Chrono Boost)  
  53  5:11  Probe (Chrono Boost)  
  55  5:20  Probe (Chrono Boost)  
  56  5:22  Probe (Chrono Boost)  
  56  5:24  Sentry  
  56  5:26  Nexus  
  56  5:28  Pylon  
  59  5:29  Probe (Chrono Boost)  
  59  5:32  Probe (Chrono Boost)  
  59  5:34  Blink (Chrono Boost)  
  61  5:38  Assimilator  
  61  5:39  Probe  
  62  5:44  Probe  
  62  5:46  Assimilator  
  62  5:47  Pylon  
  63  5:51  Forge  
  63  5:53  Probe  
  63  5:56  Probe  
  65  6:03  Probe  
  65  6:04  Stalker  
  65  6:07  Stalker  
  65  6:08  Probe  
  71  6:11  Stalker  
  71  6:14  Protoss Ground Weapons Level 1 (Chrono Boost)  
  71  6:15  Probe  
  74  6:20  Probe  
  75  6:31  Gateway  
  75  6:32  Gateway  
  75  6:41  Stalker x3  
  75  6:42  Probe  
  75  6:44  Probe  
  83  6:51  Probe  
  84  6:56  Robotics Facility  
  84  6:59  Gateway  
  84  7:01  Probe x2  
  86  7:05  Pylon  
  86  7:12  Pylon  
  86  7:14  Pylon  
  86  7:18  Pylon  
  86  7:20  Photon Cannon  
  86  7:21  Probe  
  86  7:23  Probe x2  
  86  7:27  Assimilator  
  89  7:32  Stalker  
  89  7:33  Stalker x2  
  92  7:40  Charge (Chrono Boost)  
  92  7:45  Photon Cannon  
  92  7:49  Pylon  
  92  7:51  Gateway  
  92  7:55  Protoss Ground Armor Level 1  
  92  7:57  Sentry, Stalker x2  
  98  7:59  Probe, Gateway  
  98  8:02  Warp Prism (Chrono Boost)  
  92  8:26  Pylon  
  92  8:29  Stalker x2  
  92  8:30  Stalker x4  
  100  8:35  Pylon  
  100  8:36  Observer  
  101  8:50  Pylon  
  101  8:55  Sentry x2, Stalker x3  
  105  8:56  Stalker x3  
  105  8:58  Immortal  
  107  9:22  Zealot x7  
  121  9:24  Zealot  
  121  9:29  Pylon  
  121  9:44  Zealot x6  
  133  9:46  Zealot  
  133  9:50  Warp Prism  
  133  9:51  Zealot x6  
  133  9:52  Zealot  
  112  10:17  Templar Archives  
  112  10:18  Zealot x6  
  124  10:27  Probe  
  125  10:34  Protoss Ground Armor Level 2  
  125  10:35  Nexus  
  125  10:37  Immortal  
  125  10:38  Pylon  
  125  10:42  Psionic Storm  
  124  10:47  Pylon  
  116  10:56  High Templar x2  
  120  11:00  High Templar x2  
  120  11:01  High Templar  
  126  11:06  Photon Cannon  
  126  11:10  High Templar x2  
  130  11:17  Zealot  
  132  11:19  Immortal  
  132  11:20  Probe x2  
  132  11:21  Probe  
  135  11:41  Stalker x5  
  135  11:45  Pylon  
  145  11:47  High Templar  
  145  11:48  High Templar  
  145  11:49  Zealot  
  151  11:56  Probe  
  151  11:57  Assimilator  
  151  11:58  Probe x3, Assimilator  
  155  12:04  Zealot x3  
  155  12:06  Immortal  
  161  12:17  Pylon  
  161  12:27  Photon Cannon  
  161  12:28  Pylon  
  140  12:39  Stalker x4  
  146  12:44  Archon  
  143  12:52  Immortal  
  147  13:02  Zealot x7, Archon  
  147  13:04  Zealot  
  163  13:09  Dark Shrine  
  153  13:26  Immortal  
  148  13:38  Zealot x8  
  148  13:56  Probe  
  148  13:58  Probe x3  
Tags
 
Add a new tag
Caveats
  • Supply blocks, unpowered buildings, or Contaminate may cause inaccurate times.
  • Supply counts are checked every 10 seconds.